Map: Bastion of the Conclave

Players

Broyeur

  • Race: Protoss Protoss
  • Spawn Location: 6:00

Intake

  • Race: Terran Terran
  • League: Gold
  • Spawn Location: 6:00

bluerain

  • Race: Terran Terran
  • Spawn Location: 6:00

panzz - Winner!

  • Race: Terran Terran
  • League: Gold
  • Spawn Location: 12:00

Abome - Winner!

  • Race: Zerg Zerg
  • Spawn Location: 12:00

Metasapien - Winner!

  • Race: Zerg Zerg
  • League: Platinum
  • Spawn Location: 0:00

VOD

Have the link to the VOD?

Description

Time

  • Played on: Sept. 24, 2017, 4:44 a.m.
  • Length: 9:43
Show
View Real Time Build Order
Export as new Build Order

Broyeur Protoss 

Build Orders: Oracle Opening 

Get SALT Encoding   

  12  0:01  Probe (Chrono Boost)  
  13  0:12  Probe (Chrono Boost)  
  14  0:23  Probe (Chrono Boost)  
  14  0:24  Pylon  
  16  0:43  Probe (Chrono Boost), Gateway  
  16  0:53  Probe (Chrono Boost)  
  16  0:55  Assimilator  
  17  0:57  Assimilator  
  17  1:04  Probe (Chrono Boost)  
  18  1:12  Pylon  
  18  1:14  Probe (Chrono Boost)  
  19  1:25  Probe (Chrono Boost)  
  20  1:33  Cybernetics Core  
  20  1:35  Probe (Chrono Boost)  
  21  1:40  Pylon  
  21  1:46  Probe (Chrono Boost)  
  22  1:50  Zealot  
  24  1:56  Probe (Chrono Boost)  
  25  2:10  Probe (Chrono Boost)  
  26  2:33  Mothership Core (Chrono Boost)  
  28  2:39  Stargate  
  27  2:47  Forge  
  27  2:51  Stalker (Chrono Boost)  
  27  2:57  Warp Gate  
  29  3:08  Nexus  
  29  3:15  Pylon  
  29  3:22  Oracle (Chrono Boost)  
  32  3:37  Photon Cannon  
  32  3:40  Pylon  
  32  3:54  Oracle (Chrono Boost)  
  35  3:56  Probe  
  35  4:02  Pylon  
  36  4:08  Probe (Chrono Boost)  
  37  4:19  Probe (Chrono Boost)  
  37  4:20  Probe (Chrono Boost)  
  39  4:26  Oracle (Chrono Boost)  
  39  4:29  Probe  
  43  4:32  Probe  
  44  4:47  Photon Cannon  
  44  4:51  Pylon  
  44  4:56  Pylon  
  44  4:58  Oracle (Chrono Boost)  
  47  5:00  Pylon  
  47  5:04  Probe  
  47  5:05  Probe  
  49  5:20  Assimilator  
  49  5:23  Photon Cannon  
  49  5:27  Probe, Assimilator  
  49  5:29  Oracle (Chrono Boost)  
  49  5:31  Probe  
  54  5:37  Probe  
  55  5:43  Probe  
  55  5:48  Probe  
  57  5:51  Gateway  
  57  5:55  Probe  
  57  5:57  Pylon  
  58  6:02  Pylon  
  58  6:11  Probe  
  59  6:19  Photon Cannon  
  59  6:21  Oracle (Chrono Boost)  
  59  6:25  Pylon  
  62  6:29  Pylon  
  62  6:34  Pylon  
  62  6:41  Stargate  
  62  6:49  Stargate  
  62  6:52  Stargate  
  62  6:58  Pylon  
  62  7:02  Pylon  
  62  7:37  Protoss Air Weapons Level 1  
  62  7:40  Void Ray x3  
  62  7:41  Void Ray  
  78  7:54  Protoss Shields Level 1 (Chrono Boost)  
  60  8:34  Void Ray x3  
  60  8:35  Void Ray  
  63  9:05  Probe x2  
  65  9:16  Photon Cannon  
  63  9:17  Probe x2  
  63  9:20  Photon Cannon  
  65  9:29  Probe x2  
Show
View Real Time Build Order
Export as new Build Order

Intake Terran 

Build Orders:  

Get SALT Encoding   

  12  0:01  SCV  
  13  0:13  SCV  
  14  0:22  Supply Depot  
  14  0:27  SCV  
  15  0:44  SCV  
  15  0:47  Barracks  
  16  0:51  Refinery  
  16  0:56  SCV  
  16  0:57  Refinery  
  17  1:37  Orbital Command  
  17  1:45  Factory  
  17  1:57  Barracks Tech Lab  
  17  2:03  Barracks  
  17  2:12  Supply Depot  
  17  2:25  SCV  
  18  2:41  Barracks Tech Lab, SCV  
  19  2:48  Supply Depot  
  19  2:49  Siege Tank  
  22  2:53  Marine  
  23  3:13  Command Center  
  23  3:30  SCV  
  24  3:36  Engineering Bay  
  24  3:42  Siege Tank, SCV  
  24  3:45  Marauder, Combat Shields  
  30  3:49  Reaper  
  31  4:17  Missile Turret  
  31  4:24  Missile Turret  
  31  4:28  Orbital Command  
  31  4:33  SCV  
  31  4:37  Terran Infantry Weapons Level 1  
  33  4:45  SCV  
  33  4:50  Supply Depot  
  33  4:52  Siege Tank  
  36  4:57  SCV  
  36  4:59  Marauder  
  39  5:01  Barracks Reactor  
  39  5:03  SCV  
  39  5:04  Concussive Shells  
  40  5:15  SCV  
  41  5:23  Marine  
  42  5:33  SCV  
  43  5:40  Siege Tank  
  43  5:41  Barracks, Marine  
  47  5:51  SCV  
  47  5:52  SCV  
  48  6:01  Armory  
  48  6:03  SCV, Marine x3  
  52  6:04  SCV  
  53  6:14  Factory  
  53  6:15  SCV  
  53  6:17  Refinery  
  55  6:18  Refinery, SCV  
  55  6:21  Marine  
  55  6:23  Missile Turret  
  56  6:28  SCV  
  56  6:30  SCV, Sensor Tower  
  58  6:34  Terran Infantry Armor Level 1  
  58  6:35  Marine x2  
  58  6:37  Widow Mine  
  62  6:42  Supply Depot  
  62  6:48  Supply Depot  
  62  6:51  SCV, Marine  
  62  6:52  Marine  
  65  6:55  SCV  
  66  7:01  Factory Reactor  
  66  7:03  Drilling Claws  
  66  7:09  Marine x2  
  66  7:10  Marauder, Marine  
  71  7:43  SCV  
  72  7:44  SCV  
  72  7:46  Marine x2  
  72  7:47  Marauder, Marine  
  78  7:56  Thor  
  84  8:04  Marine x2  
  86  8:22  Infernal Pre-Igniter  
  86  8:28  Supply Depot  
  86  8:29  Supply Depot x2  
  86  8:31  Supply Depot  
  86  8:32  Marine x3  
  86  8:33  Marauder  
  91  8:35  Missile Turret  
  91  8:54  Marauder  
  92  9:16  Marauder  
Show
View Real Time Build Order
Export as new Build Order

bluerain Terran 

Build Orders:  

Get SALT Encoding   

Show
View Real Time Build Order
Export as new Build Order

panzz Terran - Winner!

Build Orders: MMM Bio 

Get SALT Encoding   

  12  0:01  SCV  
  13  0:13  SCV  
  14  0:19  Supply Depot  
  14  0:25  SCV  
  15  0:41  SCV  
  16  0:45  Barracks  
  16  0:53  SCV  
  17  1:12  SCV  
  17  1:16  Supply Depot  
  18  1:24  SCV  
  19  1:32  Marine  
  19  1:36  SCV  
  19  1:38  Bunker  
  21  1:50  Marine  
  22  1:58  Orbital Command  
  22  2:08  Marine  
  22  2:10  Supply Depot  
  23  2:24  Refinery  
  23  2:26  Marine  
  23  2:27  Refinery  
  24  2:41  Command Center  
  24  2:44  Marine  
  24  2:49  Supply Depot  
  25  3:13  SCV  
  25  3:18  Barracks x2  
  26  3:25  SCV  
  27  3:37  SCV  
  27  3:41  Ghost Academy  
  28  3:49  SCV  
  28  3:53  Orbital Command  
  29  3:56  Barracks Tech Lab  
  29  4:06  Barracks  
  29  4:08  Barracks  
  29  4:10  Engineering Bay  
  29  4:12  Personal Cloaking  
  29  4:16  Supply Depot  
  29  4:17  Stimpack  
  29  4:18  Marine x2  
  29  4:19  Marine  
  29  4:20  SCV  
  33  4:27  SCV  
  34  4:32  SCV  
  34  4:37  Barracks Tech Lab x2  
  35  4:40  SCV  
  35  4:44  SCV  
  37  4:45  Supply Depot  
  37  4:52  SCV  
  38  4:55  Barracks Tech Lab, Ghost Academy  
  38  4:57  Barracks Tech Lab  
  38  5:02  SCV  
  38  5:04  SCV  
  38  5:06  Missile Turret  
  40  5:09  Missile Turret  
  40  5:18  SCV x2  
  40  5:20  Missile Turret  
  42  5:27  Ghost  
  44  5:30  SCV x2  
  44  5:35  Ghost  
  46  5:41  Supply Depot  
  48  5:48  Factory  
  48  5:53  Combat Shields  
  48  5:55  SCV  
  48  5:56  SCV  
  50  6:03  Ghost  
  52  6:07  SCV, Supply Depot  
  52  6:08  SCV  
  54  6:11  Terran Infantry Weapons Level 1  
  54  6:18  Marine x4  
  55  6:21  SCV x2  
  60  6:26  Refinery  
  60  6:28  Refinery  
  60  6:32  Marine  
  61  6:48  Command Center  
  61  6:51  Supply Depot  
  61  6:52  Nuke x2  
  61  7:03  Marine  
  61  7:04  Marine x4  
  61  7:06  SCV  
  67  7:13  Supply Depot  
  67  7:21  Marine x5  
  72  7:36  Missile Turret  
  72  7:39  Marine x2  
  72  7:40  Missile Turret  
  72  7:42  Missile Turret  
  74  7:47  Missile Turret  
  74  8:04  Marine x5  
  79  8:10  Ghost Academy  
  79  8:22  Marine x5  
  84  8:39  Marine, Supply Depot  
  84  8:40  Marine  
  86  8:47  Nuke x2  
  75  9:24  Marine  
Show
View Real Time Build Order
Export as new Build Order

Abome Zerg - Winner!

Build Orders: Pool First, Lurkers 

Get SALT Encoding   

  12  0:02  Drone  
  13  0:12  Drone  
  14  0:20  Overlord  
  14  0:25  Extractor x2  
  14  0:26  Drone  
  13  0:31  Drone  
  16  0:39  Drone  
  17  0:49  Spawning Pool  
  16  0:54  Drone  
  17  1:24  Hatchery  
  16  1:31  Overlord  
  16  1:38  Zergling x4  
  18  1:46  Zergling x2  
  19  1:49  Queen, Spine Crawler  
  20  2:01  Zergling x2  
  20  2:07  Drone  
  22  2:25  Drone x2  
  22  2:28  Extractor  
  22  2:29  Queen  
  25  2:38  Drone  
  26  2:52  Overlord  
  26  3:04  Drone x3  
  29  3:12  Extractor  
  28  3:14  Drone x4  
  32  3:23  Overlord  
  32  3:44  Lair  
  32  3:45  Drone  
  32  3:46  Drone x4  
  32  3:48  Hatchery  
  36  3:58  Roach Warren  
  35  4:06  Spore Crawler  
  35  4:08  Spore Crawler  
  33  4:14  Drone x3  
  36  4:29  Drone x5  
  41  4:35  Metabolic Boost  
  41  4:42  Glial Reconstitution  
  41  4:53  Roach x4  
  41  4:58  Overlord  
  49  5:04  Queen  
  49  5:06  Overlord  
  51  5:12  Evolution Chamber  
  50  5:16  Evolution Chamber  
  49  5:23  Hydralisk Den, Drone x3  
  49  5:27  Extractor  
  49  5:28  Extractor  
  49  5:32  Queen  
  51  5:36  Drone  
  51  5:37  Drone  
  53  5:55  Zerg Missile Weapons Level 1  
  53  5:58  Lurker Den  
  53  6:00  Drone x4  
  53  6:01  Drone x2  
  59  6:06  Spore Crawler  
  58  6:13  Spore Crawler  
  58  6:15  Drone x2  
  59  6:27  Zerg Ground Armor Level 1  
  59  6:28  Drone x3  
  59  6:29  Drone x2  
  59  6:30  Drone  
  59  6:32  Overseer x2  
  65  6:41  Drone  
  65  6:42  Drone x4  
  70  6:48  Overlord x2  
  70  7:04  Hydralisk x2  
  74  7:10  Hydralisk x4  
  74  7:11  Hydralisk  
  84  7:20  Infestation Pit  
  83  7:24  Drone x5  
  83  7:25  Drone x2  
  83  7:27  Extractor  
  89  7:35  Muscular Augments  
  89  7:41  Overlord x3  
  89  7:44  Spore Crawler  
  89  7:46  Spore Crawler  
  89  7:48  Spore Crawler  
  89  7:50  Spore Crawler  
  85  7:53  Spore Crawler  
  85  7:56  Spore Crawler  
  81  8:09  Queen  
  83  8:14  Drone x2  
  83  8:16  Spore Crawler  
  82  8:27  Drone x5  
  82  8:28  Drone x5  
  92  8:38  Hydralisk x2  
  96  8:51  Hatchery  
  96  8:54  Hydralisk  
  91  8:58  Lurker x5  
  91  9:01  Hydralisk x3  
  91  9:02  Hydralisk  
Show
View Real Time Build Order
Export as new Build Order

Metasapien Zerg - Winner!

Build Orders: Hatch First 

Get SALT Encoding   

  12  0:34  Hatchery  
  11  0:37  Overlord  
  11  0:41  Drone  
  12  0:46  Drone  
  13  0:50  Extractor  
  13  0:53  Drone  
  13  1:03  Drone  
  14  1:17  Spawning Pool  
  13  1:21  Drone  
  14  1:29  Drone  
  15  1:48  Drone x2  
  15  1:50  Drone  
  18  1:54  Overlord  
  18  2:03  Drone  
  18  2:08  Zergling x2  
  20  2:14  Overlord  
  20  2:16  Queen  
  22  2:24  Drone  
  23  2:33  Drone  
  23  2:35  Drone  
  23  2:36  Drone  
  26  2:43  Metabolic Boost  
  26  2:47  Queen  
  26  2:50  Drone  
  29  2:53  Drone  
  30  3:00  Drone x3  
  33  3:22  Zergling x2  
  33  3:23  Zergling x2  
  35  3:33  Lair  
  35  3:35  Hatchery  
  35  3:36  Extractor  
  35  3:39  Drone x3  
  35  3:40  Drone, Extractor  
  36  3:47  Drone, Extractor  
  36  3:49  Drone x2  
  38  3:57  Queen  
  38  4:01  Overlord  
  40  4:22  Zergling x6  
  40  4:23  Overlord  
  43  4:28  Drone, Roach Warren  
  43  4:29  Drone x2  
  45  4:33  Drone x3  
  48  4:44  Drone  
  49  4:55  Hydralisk Den  
  48  5:06  Pneumatized Carapace  
  48  5:10  Queen  
  48  5:11  Drone x3  
  48  5:13  Overlord x2  
  53  5:19  Glial Reconstitution  
  53  5:23  Drone  
  54  5:36  Drone  
  54  5:37  Drone x3  
  54  5:38  Drone  
  59  5:43  Overlord x2  
  59  5:44  Overlord  
  59  5:56  Roach x3, Hydralisk x2  
  69  5:58  Hydralisk  
  69  6:04  Drone  
  72  6:06  Overlord  
  72  6:08  Drone  
  73  6:13  Drone x2  
  73  6:15  Hydralisk x2  
  73  6:17  Drone  
  80  6:22  Extractor  
  80  6:25  Muscular Augments  
  79  6:34  Overseer  
  79  6:40  Roach, Hydralisk x3  
  79  6:41  Roach x2  
  91  7:09  Drone x2  
  91  7:10  Hydralisk x2  
  91  7:11  Roach x2, Hydralisk x6  
  91  7:14  Drone  
  114  7:21  Evolution Chamber  
  113  7:23  Evolution Chamber  
  113  7:26  Spore Crawler  
  113  7:27  Drone  
  113  7:29  Drone  
  113  7:33  Overlord x3  
  113  7:34  Overlord  
  113  7:51  Drone x2  
  113  7:52  Drone x2  
  113  7:53  Nydus Network  
  113  7:57  Extractor  
  115  8:03  Hydralisk x4  
  115  8:04  Roach x3  
  129  8:15  Burrow  
  129  8:20  Infestation Pit  
  128  8:43  Nydus Canal  
  128  8:46  Hydralisk x4  
  128  8:47  Hydralisk, Roach x4  
  144  8:51  Zergling x6  
  144  8:53  Overlord x4  
Tags
 
Add a new tag
Caveats
  • Supply blocks, unpowered buildings, or Contaminate may cause inaccurate times.
  • Supply counts are checked every 10 seconds.